 Dungeon Crawl Stone Soup version 0.31-a0-986-g5e6e4ef867 (webtiles) character file.

Game seed: 12800150217615157117

1022 Getoffmy the Chopper (level 8, 63/63 HPs)
             Began as a Demonspawn Berserker on Nov 6, 2023.
             Was a Priest of Trog.
             Got out of the dungeon alive.
             The game lasted 00:09:49 (4259 turns).

Getoffmy the Chopper (Demonspawn Berserker)         Turns: 4259, Time: 00:09:50

Health: 63/63      AC: 10    Str: 18    XL:     8   Next: 2%
Magic:  8/8        EV:  8    Int: 17    God:    Trog [***...]
Gold:   100        SH:  4    Dex: 10    Spells: 7/7 levels left

rFire   . . .        a - +0 hand axe
rCold   . . .        (no shield)
rNeg    . . .        l - +0 chain mail
rPois   +            k - +0 helmet
rElec   .            (no cloak)
rCorr   .            (no gloves)
SInv    .            (no boots)
Will    .....        (no amulet) Stlth
                     (no ring)
HPRegen 0.30/turn    (no ring)
MPRegen 0.11/turn

%: no passive effects
@: no status effects
A: big brain 2, condensation shield, weakness stinger 1, clever 1, clumsy 1,
poison resistance, subdued magic 1
a: Renounce Religion, Berserk, Trog's Hand


You escaped.
You worshipped Trog.
Trog was most pleased with you.
You visited 1 branch of the dungeon, and saw 4 of its levels.
You also visited: Ossuary.

You collected 160 gold pieces.
You spent 60 gold pieces at shops.

Inventory:

Hand Weapons
 a - a +0 hand axe (weapon)
Missiles
 g - 4 poisoned darts
 j - 32 stones
 o - a throwing net
 s - 2 boomerangs
Armour
 k - a +0 helmet (worn)
 l - a +0 chain mail (worn)
Scrolls
 c - 2 scrolls of poison
 d - 3 scrolls of immolation
 e - a scroll of identify
 f - a scroll of noise
 h - 2 scrolls of revelation
 n - a scroll of fear
 q - a scroll of teleportation
 t - a scroll of enchant weapon
Potions
 b - 3 potions of attraction
 i - a potion of ambrosia
 m - a potion of mutation
 p - a potion of might
 r - a potion of brilliance


   Skills:
 + Level 5.4 Fighting
 * Level 6.6 Axes
 + Level 4.5 Armour
 - Level 1.7 Dodging


You had 7 spell levels left.
You didn't know any spells.
Your spell library was empty.

Dungeon Overview and Level Annotations

Branches:
Dungeon (4/15)            Ossuary (visited)
 Temple: D:4-7

Altars:
Cheibriados
Dithmenos
Ru

Shops:
D:2 *


Innate Abilities, Weirdness & Mutations

You have an extremely huge brain. (Int +4)
A meltable shield of frost defends you. (SH +4)
You have a small tail.
Your mind is acute. (Int +4, Str/Dex -1)
You are clumsy. (Dex -2)
Your system is resistant to poisons. (rPois)
Your spells are a little easier to cast, but a little less powerful.


Message History

There is an open door here.
The kobold shouts!
A kobold is nearby!
A kobold is nearby!
A kobold is nearby!
A kobold is nearby!
The kobold hits you with a +0 club.
You closely miss the kobold. The kobold hits you but does no damage.
You hit the kobold.
The kobold is moderately wounded.
You block the kobold's attack.
You hit the kobold.
You kill the kobold!
Trog accepts your kill.
No target in view!
No target in view!
No target in view!
No target in view!
No target in view!
No target in view!
No target in view!
HP restored.
There is a stone staircase leading up here.
You climb upwards.
There is a stone staircase leading down here.
There is a stone staircase leading up here.
You climb upwards.
There is a stone staircase leading down here.
There is an open door here.
You see here a +0 dagger.
There is a stone staircase leading up here.
Things that are here:
a +0 club; a +0 sling; a +0 dagger You climb upwards.
There is a stone staircase leading down here.
You see here a +0 ring mail.
You open the door.
There is an open door here.
There is a staircase leading out of the dungeon here.
You have escaped!

#..########.####.####.## ##.#...
#..# #.# #.# #...####.##... #..#
#.# ##.###...........## #.># #.#
#..#.......##.##.# #..# #.#
#.##.......##..#.# #..#
#.##♣♣♣♣#########§§§.# #..#
#.#...§##......§§§§#.## #..#
#....###.....§.§#§§#... #..#
#...##@.....§§§§§§§§..#
#..###########.###.....§§§#§§##.#
#..........##...§##....§..+§§##.#
##.#######....♣♣♣♣#########...#.#
#.).# ######.....#.....#.#...#
###.# #.#########.#####.# #.#
#####.# #.# #.# #.# #.....# #.#
#.# #.# #.##### #.# ##^#


There were no monsters in sight!

Vanquished Creatures
  9 scorpions (Ossuary)
  4 centaur zombies (Ossuary)
  2 human zombies (Ossuary)
  3 scorpion zombies (Ossuary)
  Robin (D:1)
  3 mummies (Ossuary)
  4 gnolls (D:2)
  5 adders
  4 worms (D:2)
  3 dart slugs
  An orc (D:3)
  5 ball pythons
  3 endoplasms
  3 giant cockroaches
  2 gnoll zombies (Ossuary)
  10 hobgoblins
  3 jackals (D:2)
  8 kobolds
  3 quokkas
  5 bats
  A frilled lizard (D:1)
  13 goblins
  A goblin zombie (Ossuary)
  A hobgoblin zombie (Ossuary)
  3 kobold zombies (Ossuary)
  3 orc zombies (Ossuary)
  5 rats
108 creatures vanquished.

Notes
Turn   | Place    | Note
-------+----------+-------------------------------------------
     0 | D:1      | Getoffmy the Demonspawn Berserker began the quest for the
                  | Orb.
     0 | D:1      | Reached XP level 1. HP: 18/18 MP: 1/1
   246 | D:1      | Reached skill level 3 in Axes
   246 | D:1      | Gained mutation: A meltable shield of frost defends you.
                  | (SH +4) [demonic ancestry]
   246 | D:1      | Reached XP level 2. HP: 22/24 MP: 2/2
   770 | D:2      | Noticed Robin
   788 | D:1      | Killed Robin
   789 | D:1      | Reached XP level 3. HP: 16/29 MP: 3/3
  1053 | D:2      | Reached ** piety under Trog
  1098 | D:2      | Gained mutation: You have an unusually large brain. (Int
                  | +2) [demonic ancestry]
  1098 | D:2      | Reached XP level 4. HP: 13/35 MP: 4/4
  1296 | D:2      | Reached skill level 4 in Axes
  1406 | D:2      | Found a faded altar of an unknown god.
  1629 | D:2      | Found Kyuskir's General Store.
  1634 | D:2      | Bought a scroll of identify for 24 gold pieces
  1646 | D:2      | Reached XP level 5. HP: 42/42 MP: 5/5
  1879 | D:2      | Bought a potion of curing for 36 gold pieces
  2154 | D:3      | Found a faded altar of an unknown god.
  2154 | D:3      | Found a shadowy altar of Dithmenos.
  2179 | D:3      | Found a sacrificial altar of Ru.
  2183 | D:3      | Found a snail-covered altar of Cheibriados.
  2836 | D:4      | Found a sand-covered staircase.
  2846 | Ossuary  | Entered an ossuary
  2881 | Ossuary  | Gained mutation: You have an extremely huge brain. (Int +4)
                  | [demonic ancestry]
  2881 | Ossuary  | Reached XP level 6. HP: 18/48 MP: 6/6
  2896 | Ossuary  | Reached *** piety under Trog
  3138 | Ossuary  | Reached skill level 5 in Axes
  3244 | Ossuary  | HP: 3/73 [scorpion (6)]
  3245 | Ossuary  | Gained mutation: Your mind is acute. (Int +4, Str/Dex -1)
                  | [potion of mutation]
  3245 | Ossuary  | Gained mutation: You are clumsy. (Dex -2) [potion of
                  | mutation]
  3245 | Ossuary  | Gained mutation: Your spells are a little easier to cast,
                  | but a little less powerful. [potion of mutation]
  3245 | Ossuary  | Gained mutation: Your system is resistant to poisons.
                  | (rPois) [potion of mutation]
  3502 | Ossuary  | Reached XP level 7. HP: 31/55 MP: 7/7
  3741 | Ossuary  | Reached skill level 5 in Fighting
  3753 | Ossuary  | Reached skill level 6 in Axes
  3976 | Ossuary  | Gained mutation: You have a small tail. [demonic ancestry]
  3976 | Ossuary  | Reached XP level 8. HP: 63/63 MP: 8/8
  4259 | D:$      | Got out of the dungeon alive.

Illustrated notes

Levels and vault maps discovered:
D:1:      roadster_arrival_rocket_small, layout_loops_ring, moated_statue
D:2:      minmay_recursive_quarters, layout_basic,
          chequers_ecumenical_altar_lobes, serial_shops, shop, uniq_robin
D:3:      layout_basic, chequers_temple_overflow_minitemple, serial_glass,
          glass_columns_c, glass_columns_a, item_on_display_a,
          minmay_strange_pillars, due_unseen_surprise, item_on_display_a,
          minmay_close_crescents
D:4:      layout_cave_pools, mainiacjoe_ossuary_entry_dusty_tomb,
          lightli_corner_chamber

Skill      XL: |  1  2  3  4  5  6  7 |
---------------+----------------------+-----
Axes           | 3 4 5 6 |  6.6
Armour         | 2 3 4 |  4.5
Fighting       | 4 5 |  5.4
Dodging        | |  1.7

Action                     |  1- 3 |  4- 6 |  7- 9 || total
---------------------------+-------+-------+-------++-------
  Melee: Hand axe          |   120 |   262 |   121 ||   503
         Punch             |     2 |     4 |     2 ||     8
         Tailslap          |       |       |     1 ||     1
 Invoke: Berserk           |       |       |     1 ||     1
    Use: Scroll            |       |     6 |     8 ||    14
         Potion            |       |     5 |     1 ||     6
   Stab: Invisible         |       |       |     9 ||     9
 Armour: Animal skin       |     9 |       |       ||     9
         Scale mail        |    55 |     9 |       ||    64
         Chain mail        |       |   189 |    74 ||   263
         Skin              |       |    19 |       ||    19
  Dodge: Dodged            |    57 |    79 |    49 ||   185
  Block: Other             |    18 |    49 |    21 ||    88

Table legend: (Time is in decaauts)
 A = Elapsed time spent in this place.
 B = Non-inter-level travel time spent in this place.
 C = Inter-level travel time spent in this place.
 D = Time resting spent in this place.
 E = Time spent auto-exploring this place.
 F = Levels seen in this place.
 G = Mean time per level.
                   A        B        C        D        E       F      G
               +--------+--------+--------+--------+--------+-----+--------+
         Total |   4301 |   3993 |    308 |    835 |   2187 |   5 |  860.2 |
       Dungeon |   3001 |   2693 |    308 |    158 |   1959 |   4 |  750.2 |
       Ossuary |   1300 |   1300 |      0 |    677 |    228 |   1 | 1300.0 |
               +--------+--------+--------+--------+--------+-----+--------+

Top non-repeatable levels by time:
 Ossuary: 1300 daAuts
     D:1: 1019 daAuts
     D:2: 969 daAuts
     D:3: 946 daAuts
     D:4: 66 daAuts
